 Dungeon Crawl Stone Soup version 0.27.0-1-g7a089689b8 (webtiles) character file.

Game seed: 6853065536855614140

11830 Malachi the Unseen (level 12, -5/64 HPs)
             Began as a Kobold Berserker on Aug 15, 2021.
             Was a High Priest of Trog.
             Killed by divine providence
             ... invoked by an orc priest
             ... led by an orc warlord
              (13 damage)
             ... on level 2 of the Orcish Mines.
             The game lasted 00:20:59 (15376 turns).

Malachi the Unseen (Kobold Berserker)              Turns: 15376, Time: 00:21:00

Health: -5/64      AC: 17    Str: 15    XL:     12   Next: 12%
Magic:  12/12      EV: 22    Int:  7    God:    Trog [*****.]
Gold:   952        SH:  0    Dex: 18    Spells: 11/11 levels left

rFire    . . .     SeeInvis .   z - +1 dagger (venom)
rCold    . . .     Faith    .   (shield restricted)
rNeg     . . .     Spirit   .   o - +2 robe {Will+}
rPois    .         Reflect  .   n - +0 helmet
rElec    .         Harm     .   f - +1 cloak
rCorr    .         Rampage  .   h - +0 pair of gloves
Will     +....                  s - +0 pair of boots
Stlth    +++++++...             (no amulet)
HPRegen  0.20/turn              a - +4 ring of protection
MPRegen  0.13/turn              j - +4 ring of protection

@: on berserk cooldown, slowed, very slow
A: small, no large weapons, nightstalker 3, dopey 1
a: Renounce Religion, Berserk, Trog's Hand, Brothers in Arms


You were on level 2 of the Orcish Mines.
You worshipped Trog.
Trog was extremely pleased with you.
You visited 2 branches of the dungeon, and saw 12 of its levels.

You collected 1002 gold pieces.
You spent 50 gold pieces at shops.

Inventory:

Hand Weapons
 g - a +0 dagger of speed
 m - a +0 rapier
 x - a +4 scimitar
 y - a +0 vampiric dagger
 z - a +1 dagger of venom (weapon)
Missiles
 d - 65 poisoned darts (quivered)
 u - 2 throwing nets
 v - 14 boomerangs of dispersal
Armour
 f - a +1 cloak (worn)
 h - a +0 pair of gloves (worn)
 n - a +0 helmet (worn)
 o - a +2 robe of willpower (worn)
 s - a +0 pair of boots (worn)
Jewellery
 a - a +4 ring of protection (left hand)
 e - a ring of willpower
 j - a +4 ring of protection (right hand)
Wands
 l - a wand of digging (3)
 w - a wand of polymorph (2)
Scrolls
 c - 2 scrolls of blinking
 k - 3 scrolls of identify
 p - 2 scrolls of teleportation
 r - a scroll of enchant armour
Potions
 b - 3 potions of magic
 i - 8 potions of curing
 q - 2 potions of heal wounds
 t - 2 potions of haste


   Skills:
 - Level 3.2 Fighting
 * Level 13.3 Short Blades
 - Level 1.6 Armour
 * Level 11.7 Dodging
 * Level 15.9 Stealth


You had 11 spell levels left.
You didn't know any spells.
Your spell library was empty.

Dungeon Overview and Level Annotations

Branches:
Dungeon (10/15)            Temple (0/1) D:4             Orc (2/2) D:10
   Lair: D:8-11         Elf: Orc:2

Altars:
Dithmenos
Fedhas
Kikubaaqudgha
Nemelex Xobeh
Ru
Sif Muna
Xom
Zin

Shops:
D:7 !   D:8 !


Innate Abilities, Weirdness & Mutations

You are small and have problems with some larger weapons.
You are completely attuned to the shadows.
You are dopey. (Int -2)


Message History

You hear a shout!
You hear a shout!
The orc warrior barely misses you. The orc warrior completely misses you.
Found 31 gold pieces.
The orc warlord unwields a +6 vampiric war axe.
The orc warlord wields a +0 arbalest.
The orc warlord shoots a bolt.
The bolt hits you!!
The orc warlord roars a battlecry!
The orc priest goes into a battle-frenzy!
The orc priest begins to cast a cantrip, but forgets the words!
The orc warlord shoots a bolt.
The bolt hits you!!
A red film seems to cover your vision as you go berserk!
You feel yourself moving faster!
You feel mighty!
An orc warrior comes into view. It is wielding a +0 battleaxe.
The orc warlord roars a battlecry!
The orc warrior closely misses you.
You feel a strong urge to attack something.
The orc shouts!
The orc wizard shouts!
The orc warrior completely misses you.
The orc priest begins to cast a cantrip, but forgets the words!
You feel your anger nearly subside.
The troll shouts!
You hear a shout!
The orc warrior hits you with a +0 battleaxe.
* * * LOW HITPOINT WARNING * * *
An orc priest comes into view. It is wielding a +0 whip.
You are no longer berserk.
You are exhausted.
You feel yourself slow down.
The orc priest shouts!
You hear a shout!
The troll bites you!
* * * LOW HITPOINT WARNING * * *
The troll misses you. The troll claws you but does no damage.
The orc warrior no longer looks unusually strong.
The orc priest hits you but does no damage.
The troll completely misses you. The troll claws you but does no damage.
The troll misses you.
The orc priest mumbles some strange prayers to Beogh against you.
Beogh smites you!
You die...

..#...........
..............
................
....$...........
.......oooo.....
.......o.o).....
......oo...[...
......To[.)...
......@o.....
............
....#......
..#.....
...........
.#.#.....
......#...
...o..$..
##To)).<.
#..{<....
....)....


You could see an orc warlord, a troll, 4 orc warriors, 2 orc priests, an orc
wizard (strong) and 2 orcs.

Vanquished Creatures
  A two-headed ogre (D:10)
  Pikel (D:6)
  3 orc sorcerers
  A troll (D:9)
  Sigmund (D:4)
  A wraith (D:9)
  A vampire (D:10)
  13 yaks
  Eustachio (D:4)
  3 vampire mosquitoes (D:7)
  3 wargs
  3 water moccasins
  Duvessa (D:4)
  11 orc warriors
  An ice beast (D:7)
  2 black bears
  A necrophage (D:6)
  6 ogres
  5 centaurs
  2 lemures (D:6)
  3 kobold brigands
  2 phantoms (D:5)
  4 bullfrogs
  3 gnoll sergeants
  Dowan (D:4)
  3 killer bees (D:8)
  8 wights
  An electric eel (D:10)
  2 howler monkeys
  2 centaur zombies
  4 hounds
  A bullfrog zombie (D:7)
  2 bullfrog skeletons
  3 centaur skeletons
  14 orc priests
  A gnoll shaman (D:8)
  4 iguanas
  24 orc wizards
  The ghost of ciphuk the Sneak, a weakling VSDe (D:6)
  17 gnolls
  10 adders
  A shadow imp (D:6)
  3 ufetubi
  2 adder skeletons (D:4)
  2 worms (D:2)
  A dart slug (D:2)
  39 orcs
  9 ball pythons
  6 bats
  5 endoplasms
  2 giant cockroaches (D:1)
  8 goblins
  5 hobgoblins
  7 jackals (D:2)
  5 quokkas
  A frilled lizard (D:1)
  24 kobolds
  8 rats
299 creatures vanquished.

Vanquished Creatures (collateral kills)
  An orc sorcerer (Orc:1)
1 creature vanquished.

Vanquished Creatures (others)
  An orc priest (Orc:1)
  3 plants (D:5)
  5 toadstools (D:1)
9 creatures vanquished.

Grand Total: 309 creatures vanquished

Notes
Turn   | Place    | Note
-------+----------+-------------------------------------------
     0 | D:1      | Malachi the Kobold Berserker began the quest for the Orb.
     0 | D:1      | Reached XP level 1. HP: 14/14 MP: 1/1
   152 | D:1      | Reached XP level 2. HP: 8/19 MP: 2/2
  1414 | D:1      | Reached skill level 1 in Stealth
  1580 | D:1      | Reached XP level 3. HP: 18/23 MP: 3/3
  1674 | D:1      | Reached skill level 5 in Short Blades
  1895 | D:2      | Reached skill level 2 in Stealth
  1993 | D:2      | Reached ** piety under Trog
  2334 | D:2      | Reached XP level 4. HP: 28/28 MP: 4/4
  2585 | D:2      | Reached skill level 3 in Stealth
  2959 | D:2      | Reached XP level 5. HP: 32/32 MP: 5/5
  3222 | D:3      | Reached skill level 4 in Stealth
  3356 | D:3      | Reached *** piety under Trog
  3582 | D:3      | Reached XP level 6. HP: 31/37 MP: 6/6
  3709 | D:3      | Found a blossoming altar of Fedhas.
  3812 | D:4      | Noticed Sigmund
  3879 | D:4      | Reached skill level 5 in Stealth
  4049 | D:4      | Noticed Dowan
  4050 | D:4      | Noticed Duvessa
  4068 | D:4      | Killed Duvessa
  4074 | D:4      | Killed Dowan
  4075 | D:4      | Reached skill level 6 in Stealth
  4075 | D:4      | Reached XP level 7. HP: 41/41 MP: 7/7
  4083 | D:4      | Killed Sigmund
  4084 | D:4      | Reached skill level 7 in Stealth
  4293 | D:4      | Noticed Eustachio
  4303 | D:4      | Killed Eustachio
  4347 | D:4      | Reached XP level 8. HP: 43/46 MP: 8/8
  4575 | D:4      | Found a staircase to the Ecumenical Temple.
  4768 | D:4      | You fall into a shaft and drop 2 floors!
  4781 | D:6      | Found a glowing silver altar of Zin.
  4799 | D:6      | Reached skill level 8 in Stealth
  4890 | D:6      | Noticed Pikel
  4898 | D:6      | Killed Pikel
  4899 | D:6      | Reached skill level 5 in Dodging
  4899 | D:6      | Reached skill level 9 in Stealth
  4985 | D:6      | Found a runed translucent gate.
  5008 | D:6      | Noticed ciphuk's ghost (weakling VSDe)
  5076 | D:5      | Entered Level 5 of the Dungeon
  5271 | D:5      | Reached XP level 9. HP: 33/51 MP: 9/9
  5480 | D:5      | Reached skill level 10 in Stealth
  6144 | D:5      | Reached skill level 10 in Short Blades
  6144 | D:5      | Reached skill level 11 in Stealth
  6544 | D:6      | Found a runed translucent gate.
  6544 | D:6      | Found a runed translucent gate.
  7353 | D:6      | Reached skill level 12 in Stealth
  7434 | D:6      | Killed ciphuk's ghost
  7434 | D:6      | Reached **** piety under Trog
  7447 | D:6      | Reached XP level 10. HP: 56/56 MP: 10/10
  8019 | D:7      | Found a shimmering blue altar of Sif Muna.
  8089 | D:7      | Reached skill level 13 in Stealth
  8319 | D:7      | Found Plog's Distillery.
  8330 | D:7      | Bought a potion of heal wounds for 50 gold pieces
  8812 | D:8      | Gained mutation: You are dopey. (Int -2) [potion of
                  | mutation]
  9881 | D:8      | Found Xuroxorphu's Distillery.
 10661 | D:9      | Reached XP level 11. HP: 60/60 MP: 11/11
 10748 | D:9      | Reached skill level 10 in Dodging
 10973 | D:9      | Reached skill level 14 in Stealth
 11779 | D:9      | Found a shadowy altar of Dithmenos.
 12193 | D:10     | Entered Level 10 of the Dungeon
 12207 | D:10     | Found a staircase to the Orcish Mines.
 12705 | D:10     | Found a shimmering altar of Xom.
 13136 | D:10     | Noticed a two-headed ogre
 13141 | D:10     | Killed a two-headed ogre
 13155 | D:10     | Found a sacrificial altar of Ru.
 13162 | D:10     | Found an ancient bone altar of Kikubaaqudgha.
 13287 | D:10     | Found a sparkling altar of Nemelex Xobeh.
 13461 | Orc:1    | Entered Level 1 of the Orcish Mines
 13619 | Orc:1    | Reached skill level 15 in Stealth
 13900 | Orc:1    | Noticed an orc sorcerer
 13904 | Orc:1    | Killed an orc sorcerer
 13977 | Orc:1    | Reached ***** piety under Trog
 13980 | Orc:1    | Noticed an orc sorcerer
 13996 | Orc:1    | Killed an orc sorcerer
 14578 | Orc:1    | Noticed an orc sorcerer
 14595 | Orc:1    | Killed an orc sorcerer
 14813 | Orc:1    | Reached XP level 12. HP: 64/64 MP: 12/12
 14952 | Orc:2    | Entered Level 2 of the Orcish Mines
 15226 | Orc:2    | Noticed an orc warlord
 15376 | Orc:2    | Killed from afar by an orc priest

Illustrated notes

Levels and vault maps discovered:
D:1:      ldierk_walled_garden, layout_basic, nrook_mini_backslash,
          wad_floor_pattern_1, minmay_strange_pillars
D:2:      layout_rooms
D:3:      layout_rooms, fedhas_altar_4
D:4:      layout_cave_pods, minmay_temple_entry_fiery,
          chequers_serial_rivers_micro_d, uniq_eustachio, uniq_duvessa,
          uniq_sigmund
D:5:      layout_basic, serial_glass, glass_columns_b, glass_columns_b,
          guppyfry_early_lair_pool
D:6:      layout_loops_ring, lemuel_tele_altar, gammafunk_ghost_split,
          uniq_pikel
D:7:      layout_loops_ring, led_sif_pool, serial_shops,
          nicolae_shop_statue_plus, minmay_unpleasant_kobolds
D:8:      layout_basic, serial_shops, shop, serial_glass, glass_columns_c,
          glass_columns_b, glass_columns_b, glass_columns_b
D:9:      layout_basic, mainiacjoe_overflow_boulevard
D:10:     layout_basic, mainiacjoe_overflow_tiny_flanked,
          general_overflow_altar, mainiacjoe_overflow_big_doors, david_orc_3
Orc:1:    layout_diamond_mine, mines4_lemuel
Orc:2:    st_orc_ogre_mass, layout_caves, serial_shops,
          nicolae_shop_temple_entry_statues_fountains, library_closet

Skill      XL: |  1  2  3  4  5  6  7  8  9 10 11 |
---------------+----------------------------------+-----
Stealth        | 1 2 3 4 6 7 9 12 13 15 | 15.9
Short Blades   | 5 6 7 9 10 12 13 | 13.3
Dodging        | 3 4 5 7 9 11 | 11.7
Fighting       | |  3.2
Armour         | |  1.6

Action                   |  1- 3 |  4- 6 |  7- 9 | 10-12 || total
-------------------------+-------+-------+-------+-------++-------
Melee: Short sword       |    52 |       |       |       ||    52
       Dagger            |    91 |   155 |   454 |   997 ||  1697
Invok: Berserk           |     2 |     6 |    11 |    32 ||    51
       Trog's Hand       |       |     1 |     2 |     4 ||     7
       Brothers in Arms  |       |       |       |     2 ||     2
  Use: Scroll            |     1 |     5 |     2 |     3 ||    11
       Potion            |       |       |       |     4 ||     4
 Stab: Sleeping          |    12 |    15 |    16 |    28 ||    71
       Distracted        |       |     1 |       |     7 ||     8
Armor: Animal skin       |    16 |    16 |       |       ||    32
       Leather armour    |       |     6 |    64 |    44 ||   114
       Robe              |       |       |       |    81 ||    81
Dodge: Dodged            |    72 |    60 |   183 |   423 ||   738
